 Dungeon Crawl Stone Soup version 0.23-a0-183-gf37f6fb (webtiles) character file.

14557 iamserjio the Grappler (level 11, -4/85 HPs)
             Began as a White Draconian Wanderer on Sept 23, 2018.
             Was an Elder of Hepliaklqana.
             Slain by Rupert
             ... wielding a +5 great mace of protection
              (37 damage)
             ... on level 12 of the Dungeon.
             The game lasted 00:51:10 (17714 turns).

iamserjio the Grappler (White Draconian Wanderer)  Turns: 17714, Time: 00:51:11

Health: -4/85      AC: 13    Str: 19    XL:     11   Next: 90%
Magic:  4/20       EV: 18    Int: 15    God:    Hepliaklqana [****..]
Gold:   211        SH:  0    Dex: 12    Spells: 1/22 levels left

rFire    . . .     SeeInvis .     - Unarmed
rCold    + . .     Gourm    .   (no shield)
rNeg     . . .     Faith    .   (armour unavailable)
rPois    .         Spirit   .   (helmet restricted)
rElec    .         Reflect  .   y - +1 cloak
rCorr    .         Harm     .   p - +1 pair of gloves
MR       +....                  g - +1 pair of boots
Stlth    +.........             (no amulet)
HPRegen  0.24/turn              k - +3 ring of evasion
MPRegen  0.17/turn              C - ring of protection from magic

@: mighty, about to teleport, short of breath
A: breathe frost, unfitting armour, reduced essence, cold resistance 1,
cold-blooded, AC +7
a: Breathe Frost, Recall Ancestor, Ancestor Identity, Transference, Idealise,
Renounce Religion


You were on level 12 of the Dungeon.
You worshipped Hepliaklqana.
Hepliaklqana was greatly pleased with you.
You were not hungry.

You visited 1 branch of the dungeon, and saw 12 of its levels.
You also visited: Sewer.

You collected 651 gold pieces.
You spent 440 gold pieces at shops.

Inventory:

Hand Weapons
 c - a +0 shortbow
 u - a +2 dagger of electrocution
 x - a +0 blowgun
 A - a +1 whip of electrocution
Missiles
 d - 367 arrows
 n - 11 javelins (quivered)
Armour
 g - a +1 pair of boots (worn)
 p - a +1 pair of gloves (worn)
 y - a +1 cloak (worn)
Jewellery
 k - a +3 ring of evasion (left hand)
 w - a +3 ring of protection
 C - a ring of protection from magic (right hand)
 K - an uncursed ring of protection from fire
Wands
 q - a wand of acid (7)
 s - a wand of scattershot (6)
 z - a wand of enslavement (3)
 E - a wand of iceblast (14)
 L - a wand of clouds (2)
Scrolls
 a - 6 scrolls of remove curse {@r2}
 e - 2 scrolls of vulnerability
 i - 4 scrolls of immolation {unknown}
 j - 2 scrolls of blinking
 r - 5 scrolls of teleportation
 B - 3 scrolls of amnesia
 F - 2 scrolls of fog {unknown}
 G - a scroll of enchant weapon {unknown}
 I - a scroll of enchant armour
Potions
 b - 2 potions of lignification
 h - 3 potions of curing {@q1}
 l - a potion of resistance
 m - 2 potions of haste
 o - 4 potions of might
 t - a potion of mutation
 v - a potion of magic
 D - 2 potions of flight
 J - a potion of berserk rage
 M - a potion of ambrosia
 N - a potion of cancellation {unknown}
Comestibles
 f - 18 rations


   Skills:
 + Level 8.6 Fighting
 - Level 3.2 Bows
 + Level 6.5 Dodging
   Level 1.0 Shields
 - Level 11.1 Unarmed Combat
 - Level 6.0 Spellcasting
 - Level 2.1 Charms
 - Level 3.8 Summonings
 - Level 2.2 Translocations
 + Level 6.9 Transmutations
 - Level 3.0 Ice Magic
 - Level 1.0 Poison Magic
 - Level 4.0 Invocations
 - Level 2.0 Evocations


You had one spell level left.
You knew the following spells:

 Your Spells              Type           Power        Failure   Level  Hunger
a - Blink                 Tloc           N/A          9%          2    #......
b - Shroud of Golubria    Chrm/Tloc      ##........   9%          2    #......
c - Flame Tongue          Conj/Fire      #....        14%         1    None
d - Summon Ice Beast      Ice/Summ       ##......     36%         4    ####...
e - Ozocubu's Armour      Chrm/Ice       ##......     16%         3    ##.....
f - Spider Form           Tmut/Pois      ###.......   9%          3    ##.....
g - Ice Form              Ice/Tmut       ###.....     19%         4    ####...
h - Sticks to Snakes      Tmut           ####....     1%          2    #......

Your spell library contained the following spells:

 Spells                   Type           Power        Failure   Level  Hunger
 Beastly Appendage        Tmut           ####..       1%          1    None
 Freeze                   Ice            ##..         4%          1    None
 Throw Frost              Conj/Ice       #.....       12%         2    #......
 Gell's Gravitas          Tloc           ##........   17%         3    ##.....
 Lesser Beckoning         Tloc           ##........   17%         3    ##.....
 Teleport Other           Tloc           ##......     17%         3    ##.....
 Blade Hands              Tmut           ####......   24%         5    ######.
 Inner Flame              Hex/Fire       #.......     41%         3    ##.....
 Passage of Golubria      Tloc           N/A          50%         4    ####...
 Throw Icicle             Conj/Ice       #.......     61%         4    ####...
 Yara's Violent Unravell  Hex/Tmut       ###.......   67%         5    ######.
 Cause Fear               Hex            #.........   82%         4    ####...
 Silence                  Hex/Air        #.........   99%         5    ######.
 Deflect Missiles         Chrm/Air       #.........   100%        6    #######
 Discord                  Hex            #.........   100%        8    #######


Dungeon Overview and Level Annotations

Branches:
Dungeon (12/15)            Temple (0/1) D:6            Lair (0/6) D:9
    Orc (0/2) D:10

Altars:
Ashenzari
Dithmenos
Fedhas
Hepliaklqana
Makhleb
Ru
Wu Jian
Yredelemnul

Shops:
D:4 :[=*   D:10 %

Annotations:
D:3 2 runed doors, tsouns's ghost, weakling FeTm
D:8 1 exclusion
D:10 1 runed door
D:12 Rupert


Innate Abilities, Weirdness & Mutations

You can breathe waves of freezing cold.
You can buffet flying creatures when you breathe cold.
Your icy white scales are hard. (AC +7)
You cannot fit into any form of body armour.
Your flesh is cold resistant. (rC+)
You are cold-blooded and may be slowed by cold attacks.
Your life essence is reduced to manifest your ancestor. (-10% HP)


Message History

You punch Rupert! You tail-slap Rupert. You punch Rupert!
Your ball python bites Rupert but does no damage.
Your ball python constricts Rupert.
Rupert hits you with a great mace of protection!
You punch Rupert! You tail-slap Rupert.
Your ball python loses its grip on Rupert.
Your ball python withers and dies!
Rupert roars madly and goes into a rage!
Rupert goes berserk!
You hit Rupert.
Rupert hits you with a great mace of protection!!
Your ball python barely misses Rupert. x2
Rupert hits your ball python with a great mace of protection!
Your ball python dies!
Rupert hits your ball python with a great mace of protection!!
Your ball python dies!
As you read the scroll of teleportation, it crumbles to dust.
You feel strangely unstable.
Rupert hits you with a great mace of protection!!!
You die...

....... #.# #...## .......
#.#.....#..# ...>...
#.#####.##.# ....... #.#
#.##.. ....... ##.# #.####
#......########..#####..###
...........................
##########@.......######..#
#......@###....# ###.#
#.####..# ##..## #.... ##.#
##.# #.### ≈.≈ ≈≈≈≈ ≈≈.≈≈≈
≈≈≈ ≈≈≈≈≈≈≈≈≈≈≈≈≈ ≈≈≈≈≈
≈≈≈≈≈≈≈≈≈≈≈≈≈ ≈≈≈≈≈
≈≈≈≈≈≈≈≈≈ ≈≈≈≈≈≈≈ .........
######


You could see Rupert (berserk).

Vanquished Creatures
  A hydra (D:11)
  2 two-headed ogres
  An unseen horror (D:11)
  Pikel (D:4)
  2 centaur skeletons (D:11)
  A troll (D:11)
  A polar bear (D:8)
  A spriggan (D:10)
  7 yaks
  A wyvern (D:6)
  A hungry ghost (D:6)
  A human (D:4)
  A steam dragon (D:12)
  2 black bears
  6 ice beasts
  6 orc warriors
  2 phantoms (D:11)
  A sky beast (D:5)
  3 ogres
  2 necrophages
  2 eyes of draining
  2 wolves (D:8)
  10 centaurs
  Blork the orc (D:5)
  5 bullfrogs
  3 big kobolds
  A gnoll sergeant (D:8)
  3 scorpions
  3 killer bees (D:12)
  6 wights
  4 electric eels
  2 howler monkeys
  6 crimson imps
  2 bullfrog zombies
  2 bullfrog skeletons
  5 hounds
  13 orc priests
  A jelly (D:12)
  24 orc wizards
  Ijyb (D:5)
  Terence (D:2)
  Natasha (thrice) (D:4 D:7)
  9 worker ants
  2 worker ant zombies (D:10)
  3 gnolls (D:8)
  10 adders
  A shadow imp (D:6)
  A white imp (D:8)
  A worker ant simulacrum (D:8)
  An ufetubus (D:8)
  11 oozes
  An adder zombie (D:9)
  A worm (D:2)
  A dart slug (D:3)
  16 leopard geckos
  41 orcs
  7 giant cockroaches
  7 goblins
  5 hobgoblins
  10 jackals
  2 quokkas
  5 ball pythons
  5 bats
  14 frilled lizards
  A goblin zombie (D:6)
  A jackal zombie (D:7)
  21 kobolds
  A leopard gecko zombie (D:5)
  2 quokka skeletons
  3 rats
326 creatures vanquished.

Vanquished Creatures (collateral kills)
  An unseen horror (D:10)
  4 yaks
  An acid dragon (D:11)
  3 sky beasts
  2 slaves
  An orc warrior (D:9)
  A centaur (D:9)
  2 bullfrogs
  A scorpion (D:6)
  A wight (D:11)
  3 orc priests
  A centaur skeleton (D:11)
  A hound (D:9)
  4 orc wizards
  2 worker ants
  A centaur simulacrum (D:11)
  A worker ant zombie (D:11)
  An adder (D:4)
  2 shadow imps
  An ufetubus (D:8)
  6 oozes (Sewer)
  5 leopard geckos
  13 orcs
  2 giant cockroaches
  A quokka (D:8)
  3 frilled lizards (Sewer)
  A giant cockroach zombie (D:6)
  A rat zombie (D:6)
66 creatures vanquished.

Vanquished Creatures (others)
  A yak (D:10)
  3 knights
  An ancestor (D:4)
5 creatures vanquished.

Grand Total: 397 creatures vanquished

Notes
Turn   | Place    | Note
-------+----------+-------------------------------------------
     0 | D:1      | iamserjio the Draconian Wanderer began the quest for the
                  | Orb.
     0 | D:1      | iamserjio set off with: a +0 shortbow, 27 arrows, a ration
     0 | D:1      | Reached XP level 1. HP: 22/22 MP: 3/3
   136 | D:1      | Reached XP level 2. HP: 24/28 MP: 5/5
   298 | D:1      | Reached skill level 1 in Dodging
   426 | D:1      | Found a shattered altar of Ashenzari.
   460 | D:1      | Learned a level 2 spell: Blink
   463 | D:1      | Learned a level 2 spell: Shroud of Golubria
  1257 | D:2      | Reached XP level 3. HP: 34/34 MP: 6/6
  1466 | D:2      | Noticed Terence
  2278 | D:3      | Reached XP level 4. HP: 23/41 MP: 7/7
  2730 | D:3      | Found a large runed door.
  2731 | D:3      | Found a large runed door.
  2732 | D:3      | Noticed tsouns's ghost (weakling FeTm)
  2738 | D:3      | Noticed a centaur
  2816 | D:3      | Reached skill level 1 in Unarmed Combat
  2918 | D:3      | Reached XP level 5. HP: 21/47 MP: 8/8
  2930 | D:3      | Reached skill level 2 in Unarmed Combat
  3753 | D:3      | Found a hazy altar of Hepliaklqana.
  3795 | D:3      | Became a worshipper of Hepliaklqana the Forgotten
  3859 | D:3      | Reached skill level 3 in Unarmed Combat
  4097 | D:2      | Killed Terence
  4097 | D:2      | Reached XP level 6. HP: 27/47 MP: 9/9
  4352 | D:3      | Reached skill level 4 in Unarmed Combat
  4624 | D:4      | Found Zabled's Book Emporium.
  5049 | D:4      | Found a shadowy altar of Dithmenos.
  5094 | D:4      | Noticed Natasha
  5098 | D:4      | Killed Natasha
  5098 | D:4      | Your scales start taking on an icy white colour.
  5098 | D:4      | Reached XP level 7. HP: 50/54 MP: 10/10
  5098 | D:4      | Gained mutation: Your flesh is cold resistant. (rC+) [White
                  | Draconian growth]
  5132 | D:4      | Reached * piety under Hepliaklqana
  5191 | D:4      | Reached skill level 5 in Unarmed Combat
  5436 | D:4      | Found Vabod's Assorted Antiques.
  5442 | D:4      | Bought a gilded ring for 115 gold pieces
  5514 | D:4      | Found Pyfed's Armour Emporium.
  5561 | D:4      | Found a runed door.
  5561 | D:4      | Noticed a human
  5564 | D:4      | Found a basalt altar of Yredelemnul.
  5578 | D:4      | Killed a human
  5578 | D:4      | Reached skill level 6 in Unarmed Combat
  5580 | D:4      | Found Eroemeeq's Jewellery Boutique.
  5599 | D:4      | Noticed Pikel
  5814 | D:4      | Killed Pikel
  5814 | D:4      | Reached skill level 8 in Unarmed Combat
  5814 | D:4      | Reached XP level 8. HP: 43/60 MP: 8/11
  6209 | D:4      | Reached skill level 9 in Unarmed Combat
  6280 | D:5      | Entered Level 5 of the Dungeon
  6745 | D:5      | Noticed Blork the orc
  6758 | D:5      | Killed Blork the orc
  6883 | D:5      | Learned a level 1 spell: Flame Tongue
  6931 | D:5      | Noticed Ijyb
  6952 | D:5      | Reached skill level 10 in Unarmed Combat
  7476 | D:5      | Reached ** piety under Hepliaklqana
  7477 | D:5      | Remembered your ancestor Edmée as a knight
  7603 | D:5      | Killed Ijyb
  7603 | D:5      | Reached XP level 9. HP: 62/64 MP: 12/12
  7784 | D:6      | Found a glowing drain.
  7806 | Sewer    | Entered a sewer
  8118 | D:6      | Found a staircase to the Ecumenical Temple.
  8246 | D:6      | Reached skill level 5 in Fighting
  8583 | D:6      | Found an ornate altar of the Wu Jian Council.
  8894 | D:7      | Noticed Natasha
  8903 | D:7      | Killed Natasha
  9047 | D:7      | Noticed Natasha
  9052 | D:7      | Killed Natasha
  9204 | D:7      | Reached skill level 11 in Unarmed Combat
  9204 | D:7      | Reached skill level 1 in Invocations
  9341 | D:7      | Reached *** piety under Hepliaklqana
  9420 | D:7      | Found a sacrificial altar of Ru.
  9420 | D:7      | Found a blossoming altar of Fedhas.
 10604 | D:8      | Reached XP level 10. HP: 74/74 MP: 16/16
 11686 | D:9      | Reached skill level 5 in Spellcasting
 11867 | D:9      | Learned a level 4 spell: Summon Ice Beast
 11871 | D:9      | Learned a level 3 spell: Ozocubu's Armour
 11886 | D:9      | Found a staircase to the Lair.
 12057 | D:9      | Noticed a two-headed ogre
 12068 | D:9      | Killed a two-headed ogre
 12068 | D:9      | Reached skill level 1 in Summonings
 12466 | D:9      | Reached **** piety under Hepliaklqana
 12641 | D:10     | Entered Level 10 of the Dungeon
 13659 | D:10     | Reached skill level 1 in Charms
 13984 | D:10     | Reached XP level 11. HP: 74/84 MP: 20/20
 13993 | D:10     | Found a burning altar of Makhleb.
 14134 | D:10     | Killed an unseen horror
 14365 | D:4      | Bought a book of Changes for 325 gold pieces
 14369 | D:4      | Learned a level 3 spell: Spider Form
 14374 | D:4      | Learned a level 4 spell: Ice Form
 14377 | D:4      | Learned a level 2 spell: Sticks to Snakes
 14672 | D:10     | Found Qogaschofiu's Food Emporium.
 14772 | D:10     | Found a runed door.
 14773 | D:10     | Noticed a two-headed ogre
 14787 | D:10     | Killed a two-headed ogre
 15248 | D:10     | Found a staircase to the Orcish Mines.
 15592 | D:11     | Reached skill level 5 in Dodging
 15592 | D:11     | Reached skill level 1 in Poison Magic
 15830 | D:11     | Killed an unseen horror
 15904 | D:11     | Noticed a five-headed hydra
 15913 | D:11     | Killed a five-headed hydra
 15913 | D:11     | Reached skill level 5 in Transmutations
 17664 | D:12     | Noticed Rupert
 17714 | D:12     | Slain by Rupert

Vault maps used:
D:1:      minmay_arrival_radiant_lines, ashenzari_altar_1
D:2:      first_ration, uniq_terence
D:3:      lemuel_round_altar, ebering_ghost_disaster_area, serial_curves,
          eino_curves_03, eino_curves_03, eino_curves_04, eino_curves_02
D:4:      black_bear_nest_2, grunt_dithmenos_smoke, serial_shops, shop,
          nicolae_shop_overgrown_old_shop, shop, kennysheep_little_box,
          serial_park_tiny_1, dk_yredelemnul_ordeal, uniq_pikel, uniq_natasha
D:5:      uniq_ijyb, uniq_blork_the_orc
D:6:      kennysheep_mini_moat, minmay_temple_entry_trees, enter_ossuary_4,
          portal_sewer_entry_f
D:7:      gammafunk_temple_overflow_pools
D:8:      serial_ice, serial_ice_c, serial_ice_n, serial_ice_o, serial_ice_d,
          serial_ice_k, serial_ice_f
D:9:      dpeg_oklobed_lair
D:10:     david_orc_4, serial_shops, shop_statue, basic_altar, the_bakery,
          serial_bayou_ford_a, minivault_13
D:11:     hangedman_weighted_door
D:12:     minmay_ice_pillars, uniq_rupert
Sewer:    sewer_frog_island_02

Skill      XL: |  1  2  3  4  5  6  7  8  9 10 11 |
---------------+----------------------------------+-----
Dodging        | 1 2 3 4 6 |  6.5
Bows           | 2 3 |  3.2
Unarmed Combat | 1 3 4 8 10 11 | 11.1
Translocations | 2 |  2.2
Fighting       | 6 8 |  8.6
Spellcasting   | 4 6 |  6.0
Invocations    | 2 4 |  4.0
Evocations     | 2 |  2.0
Summonings     | 3 |  3.8
Ice Magic      | 2 3 |  3.0
Charms         | 1 2 |  2.1
Transmutations | 6 |  6.9
Poison Magic   | 1 |  1.0
Shields        | |  1.0

Action                   |  1- 3 |  4- 6 |  7- 9 | 10-12 || total
-------------------------+-------+-------+-------+-------++-------
Melee: Dagger            |    56 |   132 |    64 |       ||   252
       Tailslap          |     2 |    15 |    41 |    69 ||   127
       Punch             |       |     1 |    12 |    29 ||    42
       Whip              |       |       |    92 |       ||    92
       Unarmed           |       |       |   270 |   596 ||   866
 Fire: Shortbow          |    95 |    28 |       |       ||   123
       Blowgun           |       |       |       |     1 ||     1
Throw: Javelin           |       |     4 |     2 |       ||     6
 Cast: Sticks to Snakes  |       |       |       |    10 ||    10
       Spider Form       |       |       |       |     2 ||     2
       Ice Form          |       |       |       |     1 ||     1
Invok: Recall Ancestor   |       |       |     5 |     3 ||     8
       Ancestor Life: Kn |       |       |     1 |       ||     1
       Idealise          |       |       |       |     1 ||     1
 Abil: Breathe Frost     |       |       |    14 |    15 ||    29
Evoke: Wand              |       |       |       |     7 ||     7
  Use: Scroll            |       |     8 |     9 |     5 ||    22
       Potion            |       |     2 |     2 |     1 ||     5
 Stab: Sleeping          |     1 |     1 |       |       ||     2
       Distracted        |       |       |     2 |       ||     2
  Eat: Chunk             |     4 |     9 |    22 |    19 ||    54
       Ration            |       |       |     1 |     2 ||     3
Armor: Skin              |    32 |    37 |   164 |   229 ||   462
Dodge: Dodged            |    74 |    74 |   251 |   384 ||   783

Table legend:
 A = Non-vault XP
 B = Vault XP
 C = Vault XP percentage of total XP
 D = Non-vault monster count
 E = Vault monster count
 F = Vault count percentage of total count
                 A         B        C        D         E       F
            +---------+---------+-------+---------+---------+-------
      Total |   15628 |    5168 |  24.9 |     293 |      98 |  25.1
            +---------+---------+-------+---------+---------+-------
        D:1 |      40 |       0 |   0.0 |      18 |       0 |   0.0
        D:2 |      45 |      36 |  44.4 |      16 |       1 |   5.9
        D:3 |     461 |       0 |   0.0 |      37 |       0 |   0.0
        D:4 |     494 |    1048 |  68.0 |      20 |       4 |  16.7
        D:5 |     551 |     132 |  19.3 |      15 |       2 |  11.8
        D:6 |     939 |      14 |   1.5 |      14 |       6 |  30.0
        D:7 |     688 |       0 |   0.0 |      17 |       0 |   0.0
        D:8 |    1277 |     841 |  39.7 |      33 |       9 |  21.4
        D:9 |    2520 |     570 |  18.4 |      20 |       9 |  31.0
       D:10 |    2166 |    1372 |  38.8 |      39 |      10 |  20.4
       D:11 |    4506 |     545 |  10.8 |      42 |       5 |  10.6
       D:12 |    1941 |     258 |  11.7 |      22 |       2 |   8.3
      Sewer |       0 |     352 | 100.0 |       0 |      50 | 100.0
            +---------+---------+-------+---------+---------+-------
